 Dungeon Crawl Stone Soup version 0.32-a0-732-ga344392067 (webtiles) character file.

Game seed: 9247678107277831056

28 cforsyth the Chopper (level 2, 0/26 HPs)
             Began as a Mountain Dwarf Cinder Acolyte on Mar 16, 2024.
             Was a High Priest of Ignis.
             Slain by Natasha (6 damage)
             ... on level 2 of the Dungeon.
             The game lasted 00:01:54 (969 turns).

cforsyth the Chopper (Mountain Dwarf Cinder Acolyte) Turns: 969, Time: 00:01:55

Health: 0/26       AC:  2    Str: 16    XL:     2   Next: 96%
Magic:  1/4        EV: 10    Int: 14    God:    Ignis [*****.]
Gold:   39         SH:  0    Dex:  5    Spells: 1/3 levels left

rFire   + . .        a - -1 hand axe (flame)
rCold   . . .        (no shield)
rNeg    . . .        b - +0 robe
rPois   .            (no helmet)
rElec   .            (no cloak)
rCorr   .            (no gloves)
SInv    .            (no boots)
Will    .....        (no amulet)
Stlth   +            L - ring of flight
HPRegen 0.24/turn    (no ring)
MPRegen 0.09/turn

%: no passive effects
@: flying
A: runic magic, artefact enchanting
a: Renounce Religion, Fiery Armour, Foxfire Swarm, Rising Flame


You were on level 2 of the Dungeon.
You worshipped Ignis.
Ignis was extremely pleased with you.
You visited 1 branch of the dungeon, and saw 2 of its levels.

You collected 39 gold pieces.


Innate Abilities, Weirdness & Mutations

Your spellcasting is much less encumbered by armour.
You can use scrolls of enchantment on lesser artefacts.


   Skills:
 + Level 3.5 Fighting
 + Level 4.0 Axes
 + Level 1.1 Armour
 + Level 1.3 Spellcasting
 + Level 3.9 Fire Magic


You had one spell level left.
You knew the following spells:

 Your Spells              Type           Power      Damage    Failure   Level
X - Scorch                Fire           24%        2d6       8%          2

Your spell library contained the following spells:

 Spells                   Type           Power      Damage    Failure   Level


Inventory:

Hand Weapons
 a - a -1 hand axe of flaming (weapon)
Armour
 b - a +0 robe (worn)
Jewellery
 L - a ring of flight (left hand)
Scrolls
 c - 2 scrolls of fear {unknown}
 d - a scroll of revelation {unknown}
 e - a scroll of torment {unknown}

Dungeon Overview and Level Annotations

Branches:
Dungeon (2/15)

Altars:

Annotations:
D:2 Natasha

..: .... .....
<.....#### .........#
..######.##############
#.#............#
#h#.#...######.#
#@#.#.#.# #.# #.#.#.#.#
#.# #.#.#<#.# #.#
#.#.###.# #.# #.#.....#
#.# #.####### #.# #.#
#.# #.# #.#
#.############.##


You could see Natasha.


Message History

You don't have enough magic to cast this spell.
Unknown command.
You slash Natasha! You burn Natasha.
Natasha is severely wounded.
Natasha closely misses you.
You closely miss Natasha.
Natasha is severely wounded.
Natasha completely misses you. Natasha claws you.
* * * LOW HITPOINT WARNING * * *
You barely miss Natasha.
Natasha is severely wounded.
Natasha mewls in sadness.
Natasha claws you!
* * * LOW HITPOINT WARNING * * *
You closely miss Natasha.
Natasha is severely wounded.
Natasha misses you.
Unknown command.
You aren't carrying any items that you can evoke.
Unknown command.
It was a potion of curing.
You feel better. Natasha claws you.
* * * LOW HITPOINT WARNING * * *
Unknown command.
Unknown command.
You closely miss Natasha.
Natasha is severely wounded.
Natasha claws you.
You die...
Natasha begins licking her fur clean.
Ignis goes out, and joins you in death.

Skill      XL: |  1  2 |
---------------+-------+-----
Armour         | 1 |  1.1
Axes           | 4 |  4.0
Fighting       | |  3.5
Spellcasting   | |  1.3
Fire Magic     | |  3.9

Action                     || total
---------------------------++-------
  Melee: Hand axe          ||    57
   Cast: Scorch            ||     4
    Use: Potion            ||     1
 Armour: Robe              ||    33
  Dodge: Dodged            ||    37

Levels and vault maps discovered:
D:1:      dpeg_arrival_three_same_balls, layout_basic,
          shapermc_ecumenical_altar_pompeii
D:2:      layout_basic, serial_shops, nicolae_shop_trees, hex_large,
          minmay_tripent, uniq_natasha

Notes
Turn   | Place    | Note
-------+----------+-------------------------------------------
     0 | D:1      | cforsyth the Mountain Dwarf Cinder Acolyte began the quest
                  | for the Orb.
     0 | D:1      | Reached XP level 1. HP: 19/19 MP: 2/2
   130 | D:1      | Reached XP level 2. HP: 19/26 MP: 3/3
   456 | D:1      | Reached skill level 1 in Armour
   578 | D:1      | Learned a level 2 spell: Scorch
   745 | D:1      | Found a faded altar of an unknown god.
   788 | D:1      | Reached skill level 4 in Axes
   947 | D:2      | Noticed Natasha
   966 | D:2      | HP: 2/26 [Natasha (9)]
   969 | D:2      | Slain by Natasha

Vanquished Creatures
  A gnoll (D:1)
  2 dart slugs (D:1)
  A ball python (D:1)
  3 bats (D:1)
  A quokka (D:1)
  3 frilled lizards (D:1)
  2 kobolds (D:1)
  2 rats
15 creatures vanquished.

Table legend: (Time is in decaauts)
 A = Elapsed time spent in this place.
 B = Non-inter-level travel time spent in this place.
 C = Inter-level travel time spent in this place.
 D = Time resting spent in this place.
 E = Time spent auto-exploring this place.
 F = Levels seen in this place.
 G = Mean time per level.
                   A        B        C        D        E       F      G
               +--------+--------+--------+--------+--------+-----+--------+
         Total |    974 |    943 |     31 |      0 |    817 |   2 |  487.0 |
       Dungeon |    974 |    943 |     31 |      0 |    817 |   2 |  487.0 |
               +--------+--------+--------+--------+--------+-----+--------+

Top non-repeatable levels by time:
     D:1: 884 daAuts
     D:2: 90 daAuts

Table legend:
 A = Non-vault XP
 B = Vault XP
 C = Vault XP percentage of total XP
 D = Non-vault monster count
 E = Vault monster count
 F = Vault count percentage of total count
                 A         B        C        D         E       F
            +---------+---------+-------+---------+---------+-------
      Total |      40 |       0 |   0.0 |      15 |       0 |   0.0
            +---------+---------+-------+---------+---------+-------
        D:1 |      39 |       0 |   0.0 |      14 |       0 |   0.0
        D:2 |       1 |       0 |   0.0 |       1 |       0 |   0.0
            +---------+---------+-------+---------+---------+-------
